AoeStats
← pain

Arena

505864319Analyzed
4v4 RM · 19d ago on Sep 11, 2026· 37m 17s· 8 players
Game mode
Random Map
Map size
Large (8 player)
Population
200
Speed
Normal
Resources
Standard
Victory
Conquest
Starting age
Dark Age
Ending age
Imperial Age
RankedLock teamsTeams togetherTeam positionsShared explorationLock speedFull tech treeHidden civsTurbo modeCheats
Victory
Defeat
🇨🇳 Ethiopians · China
1231
+12
🇭🇰 Franks · Hong Kong SAR China
1224
+12
🇨🇳 Mongols · China
1218
+12
🇨🇳 Hindustanis · China
1176
+14
🇹🇷 Bohemians · Türkiye
1147
-28
🇭🇰 Teutons · Hong Kong SAR China
1139
-13
🇨🇳 Britons · China
1127
-12
🇩🇪 Romans · Germany
1119
-12
pain
10:19 Feudal Age
11:20 Double-Bit Axe
22:43 Castle Age
21:19 Padded Archer Armor
21:09 Fletching
23:28 Crossbowman
25:14 Leather Archer Armor
24:54 Bodkin Arrow
28:33 Wheelbarrow
28:58 Forging
35:06 Imperial Age
33:26 Bow Saw
33:00 Horse Collar
34:24 Heavy Plow
35:17 Arbalester
36:30 Pikeman
37:11 Squires
37:55 Iron Casting
37:20 Scale Mail Armor
37:25 Scale Barding Armor
37:21 Bracer
37:51 Ring Archer Armor
golden Eagle
0:28 Loom
11:09 Feudal Age
15:22 Horse Collar
20:08 Castle Age
18:35 Gold Mining
19:56 Stone Mining
31:46 Imperial Age
30:15 Heavy Plow
30:59 Wheelbarrow
31:57 Double-Bit Axe
32:35 Ballistics
32:30 Heavy Scorpion
33:39 Ballistas
34:37 Chemistry
34:25 Siege Engineers
小兵兵兵
2:57 Loom
10:59 Feudal Age
15:01 Castle Age
14:06 Horse Collar
14:14 Double-Bit Axe
23:53 Wheelbarrow
23:03 Town Watch
24:07 Bow Saw
23:49 Gold Mining
24:32 Sanctity
24:56 Stone Mining
27:55 Heavy Plow
30:39 Imperial Age
28:16 Scale Barding Armor
28:21 Forging
28:34 Bloodlines
29:43 Hand Cart
29:51 Chain Barding Armor
31:17 Cavalier
32:33 Plate Barding Armor
32:55 Guilds
33:15 Fletching
34:04 Iron Casting
33:29 Scale Mail Armor
33:45 Paladin
35:54 Blast Furnace
karsa.
10:40 Feudal Age
11:49 Double-Bit Axe
14:19 Castle Age
12:13 Horse Collar
15:31 Bow Saw
15:25 Heavy Plow
21:54 Wheelbarrow
21:04 Loom
21:10 Town Watch
21:11 Loom
23:29 Gold Mining
23:29 Stone Mining
27:45 Imperial Age
26:34 Hand Cart
26:19 Town Patrol
26:18 Fletching
26:28 Padded Archer Armor
26:53 Ballistics
26:49 Crossbowman
27:46 Bodkin Arrow
28:06 Leather Archer Armor
29:04 Conscription
28:57 Bracer
29:58 Leather Archer Armor
30:26 Arbalester
35:50 Forging
35:40 Scale Mail Armor
芥蓝菜丶
9:52 Feudal Age
10:43 Double-Bit Axe
11:03 Horse Collar
13:24 Castle Age
22:08 Wheelbarrow
21:53 Bow Saw
22:35 Loom
26:39 Imperial Age
24:25 Town Watch
25:14 Hand Cart
25:03 Heavy Plow
25:45 Fletching
26:14 Padded Archer Armor
26:18 Gold Mining
26:54 Bodkin Arrow
26:22 Crossbowman
26:59 Arbalester
27:46 Bracer
28:02 Leather Archer Armor
27:40 Capped Ram
29:10 Ballistics
29:51 Chemistry
29:55 Ring Archer Armor
29:39 Thumb Ring
29:28 Elite Skirmisher
30:41 Siege Ram
31:56 Scale Mail Armor
31:32 Halberdier
32:12 Squires
32:53 Guilds
33:42 Chain Mail Armor
34:55 Two-Man Saw
35:23 Plate Mail Armor
35:04 Forging
36:40 Stone Mining
37:27 Gold Shaft Mining
37:39 Iron Casting
37:10 Siege Engineers
37:32 Arson
Hold the door
11:06 Feudal Age
15:14 Castle Age
13:41 Double-Bit Axe
13:38 Horse Collar
16:47 Bow Saw
16:40 Heavy Plow
22:27 Gold Mining
23:17 Wheelbarrow
24:04 Stone Mining
25:05 Hand Cart
25:41 Gold Shaft Mining
25:43 Stone Shaft Mining
27:52 Imperial Age
25:21 Loom
26:23 Scale Barding Armor
26:29 Forging
27:17 Stone Shaft Mining
27:53 Chain Barding Armor
28:11 Husbandry
28:21 Bloodlines
27:57 Heavy Camel Rider
29:53 Plate Barding Armor
29:54 Iron Casting
29:43 Imperial Camel Rider
30:47 Conscription
30:30 Grand Trunk Road
30:32 Shatagni
30:40 Padded Archer Armor
30:30 Fletching
31:45 Chemistry
31:05 Ballistics
31:58 Padded Archer Armor
32:59 Blast Furnace
32:02 Padded Archer Armor
32:45 Shatagni
32:45 Fletching
33:21 Thumb Ring
36:43 Murder Holes
36:54 Siege Engineers
36:59 Masonry
36:40 Guard Tower
36:46 Guard Tower
37:07 Masonry
37:03 Siege Engineers
36:53 Murder Holes
37:30 Leather Archer Armor
37:10 Bodkin Arrow
see flowers in fog
10:23 Feudal Age
14:12 Castle Age
12:27 Double-Bit Axe
16:08 Bow Saw
22:58 Wheelbarrow
24:04 Hand Cart
29:33 Imperial Age
26:51 Loom
27:25 Forging
27:50 Gold Mining
28:29 Town Watch
29:48 Iron Casting
29:51 Husbandry
30:33 Gold Shaft Mining
29:54 Stone Mining
30:18 Chivalry
30:39 Conscription
29:49 Cavalier
31:53 Blast Furnace
31:03 Siege Engineers
31:59 Chemistry
31:16 Paladin
32:04 Scale Barding Armor
33:39 Chain Barding Armor
35:27 Plate Barding Armor
Know How To Cherish
6:13 Loom
6:43 Loom
8:58 Feudal Age
11:06 Double-Bit Axe
19:29 Castle Age
18:06 Horse Collar
20:36 Bow Saw
25:04 Heavy Plow
30:16 Wheelbarrow
33:53 Imperial Age
32:05 Hand Cart
32:03 Fletching
32:13 Padded Archer Armor
32:28 Gold Mining
32:32 Stone Mining
33:13 Ballistics
33:28 Bodkin Arrow
33:48 Leather Archer Armor
34:10 Elite Mangudai
35:10 Conscription
35:01 Thumb Ring
35:27 Parthian Tactics
35:14 Bloodlines
35:29 Bracer
36:23 Stone Shaft Mining
37:01 Scale Barding Armor
37:07 Forging
37:59 Chemistry
37:05 Siege Engineers
37:58 Drill
37:40 Nomads
38:06 Chain Barding Armor
37:52 Husbandry
Connection lost

Rejoining the realm…

Still unreachable

The connection could not be restored.

Session expired

The server has moved on; the page needs a fresh start.